 Dungeon Crawl Stone Soup version 0.27-a0-1557-g57f10a385c (webtiles) character file.

Game seed: 6898918208800685301

91 Sin92 the Skirmisher (level 4, -4/35 HPs)
             Began as a Demonspawn Fighter on July 15, 2021.
             Killed by divine providence
             ... invoked by an orc priest
              (12 damage)
             ... on level 3 of the Dungeon.
             The game lasted 00:01:33 (2306 turns).

Sin92 the Skirmisher (Demonspawn Fighter)           Turns: 2306, Time: 00:01:34

Health: -4/35      AC:  9    Str: 17    XL:     4   Next: 34%
Magic:  4/4        EV:  7    Int: 10    God:
Gold:   117        SH:  9    Dex: 12    Spells: 3/3 levels left

rFire    . . .     SeeInvis .   a - +0 war axe
rCold    . . .     Faith    .   c - +0 kite shield
rNeg     . . .     Spirit   .   b - +0 scale mail
rPois    .         Reflect  .   (helmet restricted)
rElec    .         Harm     .   (no cloak)
rCorr    .         Rampage  .   m - +0 pair of gloves
Will     .....                  (no boots)
Stlth    ..........             (no amulet)
HPRegen  0.11/turn              (no ring)
MPRegen  0.09/turn              (no ring)

@: no status effects
A: horns 2, yellow scales 1
a: no special abilities


You were on level 3 of the Dungeon.
You visited 1 branch of the dungeon, and saw 3 of its levels.

You collected 117 gold pieces.

Inventory:

Hand Weapons
 a - a +0 war axe (weapon)
Armour
 b - a +0 scale mail (worn)
 c - a +0 kite shield (worn)
 m - a +0 pair of gloves (worn)
Jewellery
 e - a ring of wizardry
 k - an amulet of magic regeneration
Scrolls
 g - a scroll of amnesia
Potions
 d - a potion of might
 f - a potion of invisibility {unknown}
 h - a potion of mutation {unknown}
 i - a potion of curing {unknown}
 j - a potion of flight {unknown}
 l - 2 potions of degeneration {unknown}


   Skills:
 + Level 3.4 Fighting
 * Level 2.7 Axes
 + Level 3.1 Armour
 + Level 1.2 Dodging
 + Level 3.1 Shields


You had 3 spell levels left.
You didn't know any spells.
Your spell library was empty.

Dungeon Overview and Level Annotations

Branches:
Dungeon (3/15)

Altars:


Innate Abilities, Weirdness & Mutations

You have a pair of horns on your head.
You are partially covered in yellow scales. (AC +2)


Message History

a +0 hand axe; an orc corpse Unknown command.
You barely miss the orc priest. You headbutt the orc priest.
The orc priest is heavily wounded.
You hit the orc wizard but do no damage.
The orc wizard mumbles some strange words.
The orc wizard flickers and vanishes!
Deactivating autopickup; reactivate with Ctrl-A.
You block the orc priest's attack.
You hear some strange, mumbled words.
Something tries to affect you, but you resist.
The orc priest hits you but does no damage.
You barely miss the orc priest.
The orc priest is moderately wounded.
You slash something!
Reactivating autopickup.
You feel a bit more experienced. The orc priest closely misses you.
You have reached level 4!
You feel clever.
Your demonic ancestry asserts itself...
The horns on your head grow some more.
You closely miss the orc priest.
The orc priest is moderately wounded.
You block the orc priest's attack.
The orc priest hits you but does no damage.
Unknown command.
You hit the orc priest but do no damage.
The orc priest is moderately wounded.
The orc priest hits you but does no damage.
You block the orc priest's attack.
You hit the orc priest but do no damage.
The orc priest is moderately wounded.
The orc priest casts a cantrip, but nothing happens.
Unknown command.
You hit the orc priest but do no damage.
Your headbutt misses the orc priest.
The orc priest is moderately wounded.
The orc priest hits you but does no damage.
The orc priest mumbles some strange prayers to Beogh against you.
Beogh smites you!
You die...

#.....#.###..#
#............#
#.....##.##..######## .
#.....##............. .
#.....###.#..#....... ..
+.....# #.#..#.......
..##....####....#?.!....
#...<#.........)#.......
#....#.######...@o......
#..#.#.# ##>##.......
#..#.#.# #.# .......
#..#.#.# #.# #######
#..#.#.# #.# #..#.# #.#
#..#.# #.# ### .# #.#
#.#


You could see an orc priest.

Vanquished Creatures
  An orc wizard (D:3)
  An adder (D:2)
  A worm (D:2)
  2 dart slugs
  2 orcs (D:3)
  2 ball pythons (D:1)
  5 endoplasms
  2 giant cockroaches
  5 goblins
  7 hobgoblins
  2 kobolds (D:1)
  2 quokkas (D:2)
  4 bats (D:1)
  5 frilled lizards (D:1)
  6 rats
47 creatures vanquished.

Notes
Turn   | Place    | Note
-------+----------+-------------------------------------------
     0 | D:1      | Sin92 the Demonspawn Fighter began the quest for the Orb.
     0 | D:1      | Reached XP level 1. HP: 18/18 MP: 1/1
   425 | D:1      | Gained mutation: You are partially covered in yellow
                  | scales. (AC +2) [demonic ancestry]
   425 | D:1      | Reached XP level 2. HP: 24/24 MP: 2/2
   461 | D:1      | Found a faded altar of an unknown god.
  1029 | D:1      | Gained mutation: You have a pair of small horns on your
                  | head. [demonic ancestry]
  1029 | D:1      | Reached XP level 3. HP: 29/29 MP: 3/3
  1782 | D:2      | Reached skill level 1 in Dodging
  2303 | D:3      | Gained mutation: You have a pair of horns on your head.
                  | [demonic ancestry]
  2303 | D:3      | Reached XP level 4. HP: 8/35 MP: 4/4
  2306 | D:3      | Killed from afar by an orc priest

Illustrated notes

Levels and vault maps discovered:
D:1:      matt_arrival_spirals, layout_loops_ring,
          chequers_ecumenical_altar_simple_redux, moated_statue
D:2:      layout_basic
D:3:      layout_basic, nicolae_sif_muna_condensation

Skill      XL: |  1  2  3 |
---------------+----------+-----
Axes           | 2 |  2.7
Armour         | 3 |  3.1
Shields        | 3 |  3.1
Dodging        | 1 |  1.2
Fighting       | |  3.4

Action                   |  1- 3 |  4- 6 || total
-------------------------+-------+-------++-------
Melee: War axe           |   163 |     4 ||   167
       Headbutt          |    10 |       ||    10
  Use: Scroll            |     2 |       ||     2
Armor: Scale mail        |    97 |     3 ||   100
Dodge: Dodged            |    60 |       ||    60
Block: Kite shield       |    89 |     2 ||    91

Table legend: (Time is in decaauts)
 A = Elapsed time spent in this place.
 B = Non-inter-level travel time spent in this place.
 C = Inter-level travel time spent in this place.
 D = Time resting spent in this place.
 E = Time spent auto-exploring this place.
 F = Levels seen in this place.
 G = Mean time per level.
                   A        B        C        D        E       F      G
               +--------+--------+--------+--------+--------+-----+--------+
         Total |   2410 |   2361 |     49 |    145 |   1762 |   3 |  803.3 |
       Dungeon |   2410 |   2361 |     49 |    145 |   1762 |   3 |  803.3 |
               +--------+--------+--------+--------+--------+-----+--------+

Top non-repeatable levels by time:
     D:1: 1414 daAuts
     D:2: 944 daAuts
     D:3: 50 daAuts
